| TOP OF THE 1ST |
|
Elmira Pioneers batting - Pitching for Reading Phillies : RHP Tim Burke
|
|
Pitching: RHP Tim Burke
|
|
|
Batting: RHB Ken Dowell
|
0-0: Swinging Strike 0-1: Called Strike 0-2: Strikes out swinging
|
|
Batting: RHB Mark Wasinger
|
0-0: Called Strike 0-1: SINGLE (Groundball, 34D, EV 100.0 MPH)
|
|
Batting: RHB Richard Givens
|
0-0: Called Strike 0-1: SINGLE (Groundball, 56D, EV 96.3 MPH) Mark Wasinger to second
|
|
Batting: RHB Greg Keatley
|
0-0: Called Strike 0-1: Ball 1-1: Called Strike 1-2: Ball 2-2: Foul Ball, location: 2F 2-2: Foul Ball, location: 2F 2-2: Ball 3-2: Strikes out swinging
|
|
Batting: RHB Edwin Rodriguez
|
0-0: Called Strike 0-1: Foul Ball, location: 2F 0-2: Ball 1-2: Ball 2-2: SINGLE (Flyball, 5D, EV 93.1 MPH) Mark Wasinger to third Richard Givens to second Runner from 3rd tries for Home, SAFE, throw by LF to home
|
|
Batting: SHB Esteban Mendez
|
0-0: Ball 1-0: Ground out 4-3 (Groundball, 4, EV 104.4 MPH)
|
| Top of the 1st over - 1 run, 3 hits, 0 errors, 2 left on base; Elmira 1 - Reading 0 |
| BOTTOM OF THE 1ST |
|
Reading Phillies batting - Pitching for Elmira Pioneers : RHP Rich Monteleone
|
|
Pitching: RHP Rich Monteleone
|
|
|
Batting: LHB George Johnson
|
0-0: Ball 1-0: Ball 2-0: Called Strike 2-1: Ball 3-1: Called Strike 3-2: Ground out 6-3 (Groundball, 56, EV 76.9 MPH)
|
|
Batting: LHB Alex Mata
|
0-0: Ball 1-0: Called Strike 1-1: Foul Ball, location: 2F 1-2: Fly out, F8 (Flyball, 89S, EV 91.9 MPH)
|
|
Batting: LHB Paul Hertzler
|
0-0: Fly out, F6 (Flyball, 56D, EV 89.4 MPH)
|
| Bottom of the 1st over - 0 runs, 0 hits, 0 errors, 0 left on base; Elmira 1 - Reading 0 |
| TOP OF THE 2ND |
|
Elmira Pioneers batting - Pitching for Reading Phillies : RHP Tim Burke
|
|
Batting: LHB Juan Flores
|
0-0: Fly out, F5 (Popup, 56S, EV 76.3 MPH)
|
|
Batting: RHB Curtis Cannedy
|
0-0: Called Strike 0-1: Called Strike 0-2: Foul Ball, location: 2F 0-2: Ball 1-2: Ball 2-2: Strikes out swinging
|
|
Batting: LHB German Barranca
|
0-0: Ball 1-0: Ball 2-0: Fly out, F6 (Flyball, 56D, EV 78.1 MPH)
|
| Top of the 2nd over - 0 runs, 0 hits, 0 errors, 0 left on base; Elmira 1 - Reading 0 |
| BOTTOM OF THE 2ND |
|
Reading Phillies batting - Pitching for Elmira Pioneers : RHP Rich Monteleone
|
|
Batting: RHB Paul Wirkus
|
0-0: Ball 1-0: Foul Ball, location: 2F 1-1: Ball 2-1: Reached on error, E6 (Groundball, 6, EV 81.3 MPH)
|
|
Batting: LHB Pedro Rabassa
|
0-0: Called Strike 0-1: Foul Ball, location: 2F 0-2: Ball 1-2: Strikes out swinging, 2-3 out at first.
|
|
Batting: LHB Martino Martin
|
0-0: SINGLE (Line Drive, 8RS, EV 108.1 MPH) Paul Wirkus to third Runner from 3rd tries for Home, SAFE, throw by CF to home
|
|
Batting: SHB Doug Baker
|
0-0: Ball 1-0: Called Strike 1-1: Foul Ball, location: 2F 1-2: Fielders Choice at 2nd, U6 (Groundball, 4M, EV 90.6 MPH)
|
|
Batting: RHB Mark Sproesser
|
0-0: Ball 1-0: Ball 2-0: Fielders Choice at 2nd, 6-4 (Groundball, 6, EV 85.6 MPH)
|
| Bottom of the 2nd over - 1 run, 1 hit, 1 error, 1 left on base; Elmira 1 - Reading 1 |
| TOP OF THE 3RD |
|
Elmira Pioneers batting - Pitching for Reading Phillies : RHP Tim Burke
|
|
Batting: RHB Ken Dowell
|
0-0: Called Strike 0-1: Foul Ball, location: 2F 0-2: Ball 1-2: Foul Ball, location: 2F 1-2: Ball 2-2: Ground out 6-3 (Groundball, 56, EV 106.3 MPH)
|
|
Batting: RHB Mark Wasinger
|
0-0: Fly out, F9 (Flyball, 89S, EV 91.9 MPH)
|
|
Batting: RHB Richard Givens
|
0-0: Called Strike 0-1: Foul Ball, location: 2F 0-2: Foul Ball, location: 2F 0-2: Ball 1-2: Ball 2-2: DOUBLE (Line Drive, 9LD, EV 110.0 MPH)
|
|
Batting: RHB Greg Keatley
|
0-0: Fly out, F8 (Flyball, 78D, EV 93.8 MPH)
|
| Top of the 3rd over - 0 runs, 1 hit, 0 errors, 1 left on base; Elmira 1 - Reading 1 |
| BOTTOM OF THE 3RD |
|
Reading Phillies batting - Pitching for Elmira Pioneers : RHP Rich Monteleone
|
|
Batting: RHB Vincent Martelli
|
0-0: Foul Ball, location: 2F 0-1: Swinging Strike 0-2: Ball 1-2: Ball 2-2: Foul Ball, location: 2F 2-2: Foul Ball, location: 2F 2-2: Ball 3-2: Foul Ball, location: 2F 3-2: Foul Ball, location: 2F 3-2: Base on Balls
|
|
Batting: LHB George Johnson
|
0-0: Swinging Strike Vincent Martelli steals 2nd base 0-1: Ball 1-1: Foul Ball, location: 2F 1-2: Foul Ball, location: 2F 1-2: Ball 2-2: Ground out 6-3 (Groundball, 6M, EV 95.6 MPH) Vincent Martelli to third
|
|
Batting: LHB Alex Mata
|
0-0: Ball 1-0: Foul Ball, location: 2F 1-1: Ball Wild Pitch! Vincent Martelli scores 2-1: Ball 3-1: Foul Ball, location: 2F 3-2: Base on Balls
|
|
Batting: LHB Paul Hertzler
|
0-0: Ground out 6-3 (Groundball, 6MS, EV 68.1 MPH) Alex Mata to second
|
|
Batting: RHB Paul Wirkus
|
0-0: SINGLE (Line Drive, 4MD, EV 95.0 MPH) Alex Mata to third Runner from 3rd tries for Home, SAFE, throw by CF to home
|
|
Batting: LHB Pedro Rabassa
|
0-0: Ball 1-0: Foul Ball, location: 2F 1-1: Ball 2-1: Fly out, F7 (Flyball, 7LM, EV 88.1 MPH)
|
| Bottom of the 3rd over - 2 runs, 1 hit, 0 errors, 1 left on base; Elmira 1 - Reading 3 |
| TOP OF THE 4TH |
|
Elmira Pioneers batting - Pitching for Reading Phillies : RHP Tim Burke
|
|
Batting: RHB Edwin Rodriguez
|
0-0: Called Strike 0-1: Foul Ball, location: 2F 0-2: Foul Ball, location: 2F 0-2: Ball 1-2: Ball 2-2: Fly out, F6 (Line Drive, 6, EV 70.0 MPH)
|
|
Batting: SHB Esteban Mendez
|
0-0: Ball 1-0: Called Strike 1-1: Foul Ball, location: 2F 1-2: Fly out, F8 (Flyball, 8LD, EV 110.0 MPH)
|
|
Batting: LHB Juan Flores
|
0-0: Fly out, F8 (Line Drive, 8RM, EV 90.0 MPH)
|
| Top of the 4th over - 0 runs, 0 hits, 0 errors, 0 left on base; Elmira 1 - Reading 3 |
| BOTTOM OF THE 4TH |
|
Reading Phillies batting - Pitching for Elmira Pioneers : RHP Rich Monteleone
|
|
Batting: LHB Martino Martin
|
0-0: Called Strike 0-1: Foul Ball, location: 2F 0-2: Ball 1-2: Strikes out looking
|
|
Batting: SHB Doug Baker
|
0-0: Swinging Strike 0-1: Foul Ball, location: 2F 0-2: Strikes out swinging
|
|
Batting: RHB Mark Sproesser
|
0-0: Ball 1-0: Ground out 5-3 (Groundball, 5S, EV 93.8 MPH)
|
| Bottom of the 4th over - 0 runs, 0 hits, 0 errors, 0 left on base; Elmira 1 - Reading 3 |
| TOP OF THE 5TH |
|
Elmira Pioneers batting - Pitching for Reading Phillies : RHP Tim Burke
|
|
Batting: RHB Curtis Cannedy
|
0-0: Foul Ball, location: 2F 0-1: Ball 1-1: Foul Ball, location: 2F 1-2: Strikes out swinging
|
|
Batting: LHB German Barranca
|
0-0: Called Strike 0-1: Ball 1-1: SINGLE (Line Drive, 6MD, EV 99.4 MPH)
|
|
Batting: RHB Ken Dowell
|
0-0: Ball 1-0: Called Strike 1-1: Called Strike 1-2: Ball German Barranca steals 2nd base (no throw) 2-2: Foul Ball, location: 2F 2-2: Foul Ball, location: 2F 2-2: Ball 3-2: Fly out, F6 (Popup, 56, EV 74.4 MPH)
|
|
Batting: RHB Mark Wasinger
|
0-0: SINGLE (Groundball, 56D, EV 102.5 MPH) German Barranca to third Throwing error, E7 German Barranca scores Mark Wasinger to second
|
|
Batting: RHB Richard Givens
|
0-0: Ground out 1-3 (Groundball, 13S, EV 63.8 MPH)
|
| Top of the 5th over - 1 run, 2 hits, 1 error, 1 left on base; Elmira 2 - Reading 3 |
| BOTTOM OF THE 5TH |
|
Reading Phillies batting - Pitching for Elmira Pioneers : RHP Rich Monteleone
|
|
Batting: RHB Vincent Martelli
|
0-0: Foul Ball, location: 2F 0-1: Fly out, F9 (Flyball, 89S, EV 71.3 MPH)
|
|
Batting: LHB George Johnson
|
0-0: Called Strike 0-1: Ball 1-1: Foul Ball, location: 2F 1-2: Ball 2-2: Ball 3-2: Ground out 6-3 (Groundball, 6S, EV 70.6 MPH)
|
|
Batting: LHB Alex Mata
|
0-0: Called Strike 0-1: Fly out, F7 (Flyball, 7LS, EV 81.9 MPH)
|
| Bottom of the 5th over - 0 runs, 0 hits, 0 errors, 0 left on base; Elmira 2 - Reading 3 |
| TOP OF THE 6TH |
|
Elmira Pioneers batting - Pitching for Reading Phillies : RHP Tim Burke
|
|
Batting: RHB Greg Keatley
|
0-0: Ball 1-0: Foul Ball, location: 2F 1-1: Ball 2-1: Foul Ball, location: 2F 2-2: Strikes out swinging
|
|
Batting: RHB Edwin Rodriguez
|
0-0: Ball 1-0: Foul Ball, location: 2F 1-1: Fly out, F3 (Popup, 3, EV 60.6 MPH)
|
|
Batting: SHB Esteban Mendez
|
0-0: Called Strike 0-1: Fly out, F8 (Line Drive, 8LM, EV 90.0 MPH)
|
| Top of the 6th over - 0 runs, 0 hits, 0 errors, 0 left on base; Elmira 2 - Reading 3 |
| BOTTOM OF THE 6TH |
|
Reading Phillies batting - Pitching for Elmira Pioneers : RHP Rich Monteleone
|
|
Batting: LHB Paul Hertzler
|
0-0: Ball 1-0: SINGLE (Groundball, 23, EV 73.8 MPH) (infield hit)
|
|
Batting: RHB Paul Wirkus
|
0-0: Ball 1-0: Called Strike 1-1: Ball 2-1: Foul Ball, location: 2F 2-2: Fly out, F8 (Flyball, 8RXD, EV 98.1 MPH) Runner from 1st tags up, SAFE at 2nd
|
|
Batting: LHB Pedro Rabassa
|
0-0: Called Strike 0-1: Ball 1-1: Foul Ball, location: 2F 1-2: Ball 2-2: Foul Ball, location: 2F 2-2: Strikes out looking
|
|
Batting: LHB Martino Martin
|
0-0: Called Strike 0-1: Ball 1-1: Called Strike 1-2: Ground out U3 (Groundball, 34S, EV 87.5 MPH)
|
| Bottom of the 6th over - 0 runs, 1 hit, 0 errors, 1 left on base; Elmira 2 - Reading 3 |
| TOP OF THE 7TH |
|
Elmira Pioneers batting - Pitching for Reading Phillies : RHP Tim Burke
|
|
Batting: LHB Juan Flores
|
0-0: Foul Ball, location: 2F 0-1: Ball 1-1: Fly out, F8 (Flyball, 8RD, EV 96.3 MPH)
|
|
Batting: RHB Curtis Cannedy
|
0-0: Called Strike 0-1: Ball 1-1: Ball 2-1: Ball 3-1: Swinging Strike 3-2: Foul Ball, location: 2F 3-2: Base on Balls
|
|
Batting: LHB German Barranca
|
0-0: Ball 1-0: Called Strike 1-1: Fly out, F9 (Flyball, 9LD, EV 88.8 MPH)
|
|
Pinch Hitting: LHB Neil Fiala
|
0-0: Ball 1-0: Ball 2-0: Swinging Strike 2-1: Called Strike 2-2: Strikes out swinging
|
| Top of the 7th over - 0 runs, 0 hits, 0 errors, 1 left on base; Elmira 2 - Reading 3 |
| BOTTOM OF THE 7TH |
|
Reading Phillies batting - Pitching for Elmira Pioneers : RHP Rich Monteleone
|
|
Now at 2B: Neil Fiala
|
|
|
Batting: SHB Doug Baker
|
0-0: Ground out U3 (Groundball, 3, EV 85.0 MPH)
|
|
Batting: RHB Mark Sproesser
|
0-0: Ball 1-0: Ball 2-0: Fly out, F4 (Popup, 4, EV 60.6 MPH)
|
|
Batting: RHB Vincent Martelli
|
0-0: Ball 1-0: Ball 2-0: Ball 3-0: Base on Balls
|
|
Batting: LHB George Johnson
|
0-0: Fly out, F4 (Flyball, 4D, EV 89.4 MPH)
|
| Bottom of the 7th over - 0 runs, 0 hits, 0 errors, 1 left on base; Elmira 2 - Reading 3 |
| TOP OF THE 8TH |
|
Elmira Pioneers batting - Pitching for Reading Phillies : RHP Tim Burke
|
|
Batting: RHB Mark Wasinger
|
0-0: Ball 1-0: Called Strike 1-1: Fly out, F7 (Flyball, 78M, EV 81.9 MPH)
|
|
Batting: RHB Richard Givens
|
0-0: Called Strike 0-1: SINGLE (Line Drive, 78D, EV 97.5 MPH)
|
|
Batting: RHB Greg Keatley
|
0-0: Ball 1-0: Ball 2-0: Grounds into double play, 6-4-3 (Groundball, 6, EV 87.5 MPH)
|
| Top of the 8th over - 0 runs, 1 hit, 0 errors, 0 left on base; Elmira 2 - Reading 3 |
| BOTTOM OF THE 8TH |
|
Reading Phillies batting - Pitching for Elmira Pioneers : RHP Rich Monteleone
|
|
Batting: LHB Alex Mata
|
0-0: Ball 1-0: SINGLE (Groundball, 6S, EV 70.0 MPH) (infield hit)
|
|
Batting: LHB Paul Hertzler
|
0-0: Ball 1-0: Swinging Strike 1-1: Ball 2-1: Swinging Strike 2-2: Strikes out swinging
|
|
Batting: RHB Paul Wirkus
|
0-0: Ball 1-0: Ball Wild Pitch! Alex Mata to second 2-0: Called Strike 2-1: Ball 3-1: Base on Balls
|
|
Batting: LHB Pedro Rabassa
|
0-0: Ball 1-0: Foul Ball, location: 2F 1-1: Ball 2-1: Fielders Choice at 2nd, 4-6 (Groundball, 4S, EV 86.9 MPH) Alex Mata to third
|
|
Batting: LHB Martino Martin
|
0-0: Ball 1-0: Swinging Strike 1-1: Ball 2-1: Called Strike 2-2: Fly out, F8 (Line Drive, 8RD, EV 105.0 MPH)
|
| Bottom of the 8th over - 0 runs, 1 hit, 0 errors, 2 left on base; Elmira 2 - Reading 3 |
| TOP OF THE 9TH |
|
Elmira Pioneers batting - Pitching for Reading Phillies : RHP Tim Burke
|
|
Pitching: LHP Frank Treto
|
|
|
Batting: RHB Edwin Rodriguez
|
0-0: Called Strike 0-1: Ball 1-1: Ball 2-1: Ball 3-1: Base on Balls
|
|
Batting: SHB Esteban Mendez
|
0-0: Bunt missed! 0-1: Ball 1-1: Bunt missed! 1-2: Ball 2-2: Fly out, F7 (Flyball, 7, EV 91.3 MPH)
|
|
Batting: LHB Juan Flores
|
0-0: Fly out, F9 (Flyball, 89M, EV 93.8 MPH)
|
|
Batting: RHB Curtis Cannedy
|
0-0: Called Strike 0-1: Ball 1-1: Foul Ball, location: 2F 1-2: Strikes out swinging
|
| Top of the 9th over - 0 runs, 0 hits, 0 errors, 1 left on base; Elmira 2 - Reading 3 |
|